 Dungeon Crawl Stone Soup version 0.31-a0-152-g6aa68a64a1 (webtiles) character file.

Game seed: 17422772527545825776

28 qw the Shooter (level 3, -1/32 HPs)
             Began as a Naga Hunter on June 9, 2023.
             Slain by a thrashing horror (7 damage)
             ... on level 1 of the Abyss.
             The game lasted 00:00:16 (1240 turns).

qw the Shooter (Naga Hunter)                        Turns: 1240, Time: 00:00:17

Health: -1/32      AC:  2    Str: 13    XL:     3   Next: 12%
Magic:  3/3        EV:  9    Int:  9    God:
Gold:   72         SH:  0    Dex: 16    Spells: 2/2 levels left

rFire   . . .        Y - +0 shortbow
rCold   . . .        (shield currently unavailable)
rNeg    . . .        c - +0 leather armour
rPois   +            (no helmet)
rElec   .            (no cloak)
rCorr   .            (no gloves)
SInv    +            (no barding)
Will    .....        (no amulet)
Stlth   ++           (no ring)
HPRegen 0.25/turn    (no ring)
MPRegen 0.08/turn

%: no passive effects
@: very slow
A: AC +1, large, see invisible, deformed body, poison resistance, slowness 2,
spit poison 1, naga tail 1
a: Spit Poison


You were on level 1 of the Abyss.
You visited 1 branch of the dungeon, and saw 2 of its levels.
You visited the Abyss 1 time.

You collected 72 gold pieces.


Innate Abilities, Weirdness & Mutations

Your serpentine skin is tough. (AC +1)
You have supernaturally acute eyesight. (SInv)
Armour fits poorly on your strangely shaped body.
Your system is resistant to poisons. (rPois)
You cover ground very slowly.
You can spit poison.
You have a snake-like lower body.


   Skills:
 - Level 2.0 Fighting
 + Level 4.5 Ranged Weapons
 - Level 1.5 Dodging
 - Level 1.5 Stealth


You had 2 spell levels left.
You didn't know any spells.
Your spell library was empty.

Inventory:

Hand Weapons
 Y - a +0 shortbow (weapon)
Armour
 c - a +0 leather armour (worn)
Scrolls
 a - a scroll of noise {unknown}
 b - a scroll of vulnerability {unknown}
 d - a scroll of enchant armour
Potions
 f - a potion of cancellation
 i - a potion of resistance {unknown}
 j - a potion of curing {unknown}

Dungeon Overview and Level Annotations

Branches:
Dungeon (2/15)

Altars:


Message History

You shoot an arrow. The arrow hits the gnoll.
The gnoll is lightly wounded.
You hear a shout!
You shoot an arrow. The arrow hits the gnoll.
The gnoll is heavily wounded.
You have got your breath back.
The gnoll hits you with a +0 club. x2
A gnoll comes into view. It is wielding a +0 spear.
1221 ||| INVOKING Spit Poison.
Aiming: Spit Poison (2% risk of failure)
Press: ? - help, Shift-Dir - straight line, f/p - gnoll The splash of poison hits the gnoll.
The gnoll is almost dead.
The gnoll hits you with a +0 club!
The gnoll moves out of view.
You shoot an arrow. The arrow hits the gnoll.
You kill the gnoll!
You have reached level 3!
Your experience leads to an increase in your attributes!
Increase (S)trength, (I)ntelligence, or (D)exterity?
You feel agile. x2; Your skin feels tougher.
You shoot an arrow. The arrow hits the goblin.
The goblin is severely wounded.
The goblin hits you with a +2 dagger of distortion.
Space warps around you.
You shoot an arrow. The arrow closely misses the goblin.
The arrow hits the gnoll!
The gnoll is almost dead.
You have got your breath back.
The goblin hits you with a +2 dagger of distortion.
You are cast into the Abyss!
This branch contains the abyssal rune of Zot.
Waypoint 2 assigned to Abyss:1.
You start resting.
A thrashing horror comes into view.
You shoot an arrow.
The arrow completely misses the thrashing horror.
The thrashing horror roars!
The thrashing horror closely misses you.
The thrashing horror tramples you!
You die...

## ##
.##
#.#
..##
#..
...
#.#X#
#.@#
###.#
##


You could see a thrashing horror.

Vanquished Creatures
  A gnoll (D:2)
  A dart slug (D:2)
  3 endoplasms
  A giant cockroach (D:2)
  2 hobgoblins (D:1)
  A quokka (D:1)
  A ball python (D:2)
  2 bats (D:1)
  A frilled lizard (D:2)
  A goblin (D:1)
  2 rats (D:1)
16 creatures vanquished.

Notes
Turn   | Place    | Note
-------+----------+-------------------------------------------
     0 | D:1      | qw the Naga Hunter began the quest for the Orb.
     0 | D:1      | Reached XP level 1. HP: 19/19 MP: 1/1
     0 | D:1      | 0 ||| qw: Version: 0.2-a-122-gbc61b45
     0 | D:1      | 0 ||| qw: Game counter: 3304
     0 | D:1      | 0 ||| qw: Always use a shield: true
     0 | D:1      | 0 ||| qw: God list: Okawaru
     0 | D:1      | 0 ||| qw: Allow faded altars: false
     0 | D:1      | 0 ||| qw: Do Orc after D:15 true
     0 | D:1      | 0 ||| qw: Do second Lair branch before Depths: true
     0 | D:1      | 0 ||| qw: Lair rune preference: random
     0 | D:1      | 0 ||| qw: Plans: Normal
     0 | D:1      | 0 ||| PLANNING D:1-11
   383 | D:1      | 383 ||| INVOKING Spit Poison.
   548 | D:1      | 548 ||| INVOKING Spit Poison.
   570 | D:1      | 570 ||| INVOKING Spit Poison.
   881 | D:1      | 881 ||| INVOKING Spit Poison.
   887 | D:1      | Reached skill level 4 in Ranged Weapons
   887 | D:1      | Reached XP level 2. HP: 26/26 MP: 2/2
   963 | D:1      | 963 ||| INVOKING Spit Poison.
   989 | D:1      | 989 ||| INVOKING Spit Poison.
  1075 | D:1      | 1075 ||| DROPPING ring of magical power.
  1076 | D:1      | 1076 ||| READING scroll labelled YLOLIY FISU.
  1079 | D:1      | 1079 ||| READING scroll labelled JASCHY PEPSA.
  1080 | D:1      | 1080 ||| READING scroll labelled BUOHAW WUEWYTH.
  1081 | D:1      | 1081 ||| READING scroll labelled JEUPEL WOZECZU.
  1082 | D:1      | 1082 ||| DRINKING 2 fuming emerald potions.
  1083 | D:1      | 1083 ||| DROPPING scroll of butterflies.
  1136 | D:2      | 1136 ||| INVOKING Spit Poison.
  1148 | D:2      | 1148 ||| INVOKING Spit Poison.
  1169 | D:2      | 1169 ||| INVOKING Spit Poison.
  1196 | D:2      | 1196 ||| INVOKING Spit Poison.
  1218 | D:2      | 1218 ||| INVOKING Spit Poison.
  1221 | D:2      | 1221 ||| INVOKING Spit Poison.
  1223 | D:2      | Reached XP level 3. HP: 13/32 MP: 3/3
  1223 | D:2      | HP: 8/32 [goblin/+2 dagger of distortion (5)]
  1224 | D:2      | HP: 2/32 [goblin/+2 dagger of distortion (5)]
  1224 | Abyss:1  | Cast into level 1 of the Abyss (goblin)
  1239 | Abyss:1  | Noticed a thrashing horror
  1240 | Abyss:1  | Slain by a thrashing horror

Levels and vault maps discovered:
D:1:      dpeg_cavernosity, layout_loops_corners
D:2:      kb_forest_paths, layout_loops_cross, basic_altar
Abyss:1:  base: D:1, base:
Temple

Skill      XL: |  1 |
---------------+----+-----
Ranged Weapons | 4 |  4.5
Fighting       | |  2.0
Dodging        | |  1.5
Stealth        | |  1.5

Action                     || total
---------------------------++-------
   Fire: Shortbow          ||    31
Ability: Spit Poison       ||    12
    Use: Scroll            ||     4
         Potion            ||     1
 Armour: Leather armour    ||     3
  Dodge: Dodged            ||     3

Table legend:
 A = Non-vault XP
 B = Vault XP
 C = Vault XP percentage of total XP
 D = Non-vault monster count
 E = Vault monster count
 F = Vault count percentage of total count
                 A         B        C        D         E       F
            +---------+---------+-------+---------+---------+-------
      Total |      29 |      11 |  27.5 |      10 |       6 |  37.5
            +---------+---------+-------+---------+---------+-------
        D:1 |      10 |       6 |  37.5 |       6 |       4 |  40.0
        D:2 |      19 |       5 |  20.8 |       4 |       2 |  33.3
            +---------+---------+-------+---------+---------+-------
